 Dungeon Crawl Stone Soup version 0.30.0-30-g96aa6591b8 (webtiles) character file.

Game seed: 8446136178552357262

367 Sabo the Chopper (level 6, -8/48 HPs)
             Began as a Demonspawn Monk on June 27, 2023.
             Killed by divine providence
             ... invoked by an orc priest
              (13 damage)
             ... on level 4 of the Dungeon.
             The game lasted 00:12:52 (3005 turns).

Sabo the Chopper (Demonspawn Monk)                  Turns: 3005, Time: 00:12:52

Health: -8/48      AC: 13    Str: 13    XL:     6   Next: 41%
Magic:  6/6        EV:  9    Int: 12    God:
Gold:   232        SH:  0    Dex: 15    Spells: 5/5 levels left

rFire   . . .        a - +1 hand axe
rCold   . . .        d - orb {light}
rNeg    . . .        p - +0 plate armour
rPois   .            s - +1 helmet
rElec   .            (no cloak)
rCorr   .            f - +0 pair of gloves
SInv    .            (no boots)
Will    +....        (no amulet) Stlth
                     m - ring of willpower
HPRegen 0.28/turn    (no ring)
MPRegen 0.10/turn

%: no passive effects
@: agile, glowing
A: powered by pain 1, spiny 1, demonic touch 2
a: no special abilities


You were on level 4 of the Dungeon.
You visited 1 branch of the dungeon, and saw 4 of its levels.
You also visited: Sewer.

You collected 232 gold pieces.

Inventory:

Hand Weapons
 a - a +1 hand axe (weapon)
Missiles
 i - 6 poisoned darts (quivered)
 l - a throwing net
Armour
 d - an orb of light (worn)
 f - a +0 pair of gloves (worn)
 p - a +0 plate armour (worn)
 s - a +1 helmet (worn)
Jewellery
 m - a ring of willpower (left hand)
Scrolls
 e - 2 scrolls of fear
 g - 3 scrolls of enchant weapon
 k - a scroll of amnesia {unknown}
 q - a scroll of silence {unknown}
 r - a scroll of teleportation
 u - a scroll of poison {unknown}
 w - a scroll of enchant armour {unknown}
Potions
 b - a potion of magic {unknown}
 c - a potion of ambrosia
 h - a potion of flight {unknown}
 j - 2 potions of mutation {unknown}
 n - 2 potions of curing {unknown}
 o - 2 potions of brilliance {unknown}
 t - a potion of lignification {unknown}
 v - a potion of haste


   Skills:
 + Level 4.1 Fighting
 + Level 5.2 Axes
 + Level 1.4 Armour
 + Level 3.5 Dodging
 + Level 0.8 Stealth


You had 5 spell levels left.
You didn't know any spells.
Your spell library contained the following spells:

 Spells                   Type           Power      Damage    Failure   Level
 Sting                    Tmut/Pois      0%         1d3       100%        1


Dungeon Overview and Level Annotations

Branches:
Dungeon (4/15)              Sewer (visited)
 Temple: D:4-7

Altars:
Cheibriados
Fedhas


Innate Abilities, Weirdness & Mutations

You sometimes gain a little power by taking damage.
You are partially covered in sharp spines.
Your touch may inflict irresistible damage on your foes.


Message History

You completely miss the orc. The orc barely misses you.
The orc is struck by your spines. The orc hits you but does no damage.
The orc is struck by your spines. The orc barely misses you.
Items here: ) ? [ †.
You hit the orc but do no damage. You hit the orc. You hit the orc priest.
You completely miss the orc. The orc hits you with a +0 short sword.
The orc hits you with a +0 dagger. The orc hits you but does no damage.
The orc priest miscasts a cantrip.
You hit the orc priest.
The orc priest is heavily wounded.
You hit the orc. You completely miss the orc. You hit the orc.
The orc is struck by your spines.
You kill the orc!
The orc is struck by your spines.
You kill the orc!
The orc hits you but does no damage.
The orc priest mumbles some strange prayers to Beogh against you.
Beogh smites you!
You focus on the pain.
You feel agile all of a sudden.
The goblin shoots a sling bullet.
The sling bullet hits you but does no damage.
You hit the orc priest but do no damage.
The orc priest is heavily wounded.
You hit the orc but do no damage. The orc is struck by your spines.
The orc closely misses you.
The orc priest is struck by your spines.
The orc priest hits you but does no damage.
You barely miss the orc priest.
The orc priest is almost dead.
You hit the orc.
You kill the orc!
The orc priest mumbles some strange prayers to Beogh against you.
Beogh smites you!
* * * LOW HITPOINT WARNING * * *
You completely miss the orc priest.
The orc priest is almost dead.
You hit the goblin.
The orc priest invokes the aid of Beogh against you.
Beogh smites you!
You die...

.. #...# ## #...# ###
+...+ #.. #...# . #.#
##...######...#####'#
#....................
#...)o...# ...##.†..
#..)@....# #....
#....g...## #..(.
#.........## #....
#..........#.. #....
#............ ##....
####........##. ##.....
.........†..######...###
....................##
.....#####......#####


You could see an orc priest and a goblin.

Vanquished Creatures
  Sigmund (D:2)
  A water moccasin (Sewer)
  A sleepcap (D:4)
  5 worms
  4 dart slugs
  6 orcs
  5 endoplasms
  3 giant cockroaches
  2 goblins
  2 hobgoblins
  4 jackals (D:1)
  3 quokkas
  3 ball pythons
  9 bats
  2 frilled lizards
  A rat (D:2)
52 creatures vanquished.

Notes
Turn   | Place    | Note
-------+----------+-------------------------------------------
     0 | D:1      | Sabo the Demonspawn Monk began the quest for the Orb.
     0 | D:1      | Reached XP level 1. HP: 18/18 MP: 1/1
   406 | D:1      | Reached skill level 3 in Axes
   406 | D:1      | Gained mutation: Your touch may inflict minor irresistible
                  | damage on your foes. [demonic ancestry]
   406 | D:1      | Reached XP level 2. HP: 24/24 MP: 2/2
  1335 | D:2      | Found a faded altar of an unknown god.
  1348 | D:2      | Got Plato's Elucidation of Envenoming
  1509 | D:2      | Gained mutation: You are partially covered in sharp spines.
                  | [demonic ancestry]
  1509 | D:2      | Reached XP level 3. HP: 24/29 MP: 3/3
  1638 | D:2      | Noticed Sigmund
  1649 | D:2      | Killed Sigmund
  1650 | D:2      | Reached skill level 4 in Axes
  1650 | D:2      | Gained mutation: You sometimes gain a little power by
                  | taking damage. [demonic ancestry]
  1650 | D:2      | Reached XP level 4. HP: 22/37 MP: 4/4
  1650 | D:2      | Gained mutation: Your touch may inflict irresistible damage
                  | on your foes. [demonic ancestry]
  1650 | D:2      | Reached XP level 5. HP: 25/42 MP: 5/5
  1911 | D:3      | Found a snail-covered altar of Cheibriados.
  2098 | D:3      | Found a glowing drain.
  2123 | Sewer    | Entered a sewer
  2159 | Sewer    | Noticed a water moccasin
  2169 | Sewer    | Killed a water moccasin
  2170 | Sewer    | Reached skill level 5 in Axes
  2170 | Sewer    | Reached XP level 6. HP: 40/48 MP: 6/6
  2254 | D:3      | Found a blossoming altar of Fedhas.
  2884 | D:4      | Reached skill level 1 in Armour
  3005 | D:4      | Killed from afar by an orc priest

Illustrated notes

Levels and vault maps discovered:
D:1:      nagdon_arrival_zigzag_paths, layout_basic, minivault_5,
          minmay_door_square
D:2:      layout_rooms, shapermc_ecumenical_altar_rom_forum, uniq_sigmund
D:3:      layout_loops_ring, fedhas_ov_isle_minmay, cheibriados_altar_1,
          tso_metal_star, cheibrodos_sewer_entry_bend, st_stairs_6
D:4:      layout_basic, general_overflow_altar, minmay_cupped

Skill      XL: |  1  2  3  4  5  6 |
---------------+-------------------+-----
Axes           | 3 4 5 |  5.2
Dodging        | 3 |  3.5
Fighting       | 4 |  4.1
Armour         | 1 |  1.4
Stealth        | |  0.8

Action                     |  1- 3 |  4- 6 || total
---------------------------+-------+-------++-------
  Melee: Hand axe          |    74 |    62 ||   136
    Use: Scroll            |     2 |     1 ||     3
 Armour: Robe              |    10 |       ||    10
         Plate armour      |     1 |    42 ||    43
  Dodge: Dodged            |    53 |    11 ||    64
